[Event "ROU-ch Men 2018"]
[Site "Olanesti"]
[Date "2018.05.20"]
[Round "7"]
[White "Dumitru, Matei-Ioan"]
[Black "Stan, Andrei-Mihaita"]
[Result "1-0"]
[ECO "C11"]
[WhiteElo "2164"]
[BlackElo "1860"]
[Annotator "NA"]
[PlyCount "81"]
[EventDate "2018.??.??"]
[EventType "swiss"]
[EventCountry "ROU"]
[SourceTitle "playchess.com"]
[Source "ChessBase"]
[SourceQuality "1"]
[TimeControl "40/5400+30:1800+30"]

1. e4 e6 2. d4 d5 3. Nc3 Nf6 4. e5 Nfd7 5. Nf3 c5 6. dxc5 Bxc5 7. Bd3 Nc6 8. Bf4 f6 9. exf6 Nxf6 10. O-O O-O 11. Qe2 Bd7 12. Nb5 Qe7 13. Rae1 Nb4 14. Nc7 Nxd3 15. cxd3 Rac8 16. Nxe6 Rfe8 17. Ned4 Qf8 18. Qd1 Bxd4 19. Nxd4 Qb4 20. Be3 Qxb2 21. Qf3 Qc3 22. Nf5 Bxf5 23. Qxf5 d4 24. Rc1 dxe3 25. Rxc3 exf2+ 26. Qxf2 Rxc3 27. Rd1 a6 28. Qb6 Re2 29. a4 Rcc2 30. Qxb7 h6 31. Qf3 h5 32. h3 Kf7 33. Rb1 Rb2 34. Rc1 a5 35. d4 Red2 36. Rc7+ Kg8 37. Qg3 Ne8 38. Rd7 h4 39. Qg6 Rd1+ 40. Kh2 Re2 41. Qf7+ 1-0

[Event "ROU-ch Men 2018"]
[Site "Olanesti"]
[Date "2018.05.20"]
[Round "7"]
[White "Horvat, Dan-Sebastian"]
[Black "Iustin, Silviu"]
[Result "1/2-1/2"]
[ECO "C02"]
[WhiteElo "2152"]
[BlackElo "1962"]
[Annotator "NA"]
[PlyCount "24"]
[EventDate "2018.??.??"]
[EventType "swiss"]
[EventCountry "ROU"]
[SourceTitle "playchess.com"]
[Source "ChessBase"]
[SourceQuality "1"]
[TimeControl "40/5400+30:1800+30"]

1. e4 e6 2. d4 d5 3. e5 c5 4. c3 Nc6 5. Nf3 Qb6 6. a3 a5 7. a4 Nh6 8. Bb5 Bd7 9. O-O cxd4 10. cxd4 Nf5 11. Be3 Be7 12. Nc3 O-O-O 1/2-1/2

[Event "ROU-ch Men 2018"]
[Site "Olanesti"]
[Date "2018.05.20"]
[Round "7"]
[White "Paraschiv, Paul-Alexandru"]
[Black "Cotruta, Alexandru-Mihai"]
[Result "0-1"]
[ECO "B20"]
[WhiteElo "2131"]
[BlackElo "1776"]
[Annotator "NA"]
[PlyCount "70"]
[EventDate "2018.??.??"]
[EventType "swiss"]
[EventCountry "ROU"]
[SourceTitle "playchess.com"]
[Source "ChessBase"]
[SourceQuality "1"]
[TimeControl "40/5400+30:1800+30"]

1. e4 c5 2. b3 e6 3. Nf3 Nc6 4. Bb2 d5 5. exd5 exd5 6. Bb5 Nf6 7. Qe2+ Be7 8. Ne5 Qc7 9. O-O O-O 10. Bxc6 bxc6 11. d3 Bd6 12. f4 Re8 13. Qf2 d4 14. Nc4 $15 Ng4 15. Qh4 Bxf4 16. g3 Bh6 17. Nbd2 Re2 18. Rae1 g5 19. Qxh6 Nxh6 20. Rxe2 Bh3 21. Rfe1 Ng4 22. Ne4 Qd8 23. Nxc5 Qd5 24. Ne4 c5 25. c3 h6 26. cxd4 cxd4 27. Ned6 f5 28. Ne8 Rc8 29. a4 f4 30. Rf2 Kf8 31. Ba3+ Kg8 32. Bd6 Qf7 33. Nc7 Nxf2 34. Re7 Qh5 35. Nd5 Qd1+ 0-1

[Event "ROU-ch Men 2018"]
[Site "Olanesti"]
[Date "2018.05.20"]
[Round "7"]
[White "Sava, Bogdan"]
[Black "Morariu, Daniel"]
[Result "1-0"]
[ECO "A80"]
[WhiteElo "2099"]
[BlackElo "1656"]
[Annotator "NA"]
[PlyCount "67"]
[EventDate "2018.??.??"]
[EventType "swiss"]
[EventCountry "ROU"]
[SourceTitle "playchess.com"]
[Source "ChessBase"]
[SourceQuality "1"]
[TimeControl "40/5400+30:1800+30"]

1. d4 f5 2. Bg5 g6 3. c4 Bg7 4. e3 Nf6 5. Nc3 d6 6. Nf3 c6 7. Be2 O-O 8. O-O Ne4 9. Nxe4 fxe4 10. Nd2 d5 11. Qb3 Kh8 12. Rad1 Rf5 13. Bh4 g5 14. Bg3 e6 15. f3 exf3 16. Nxf3 Nd7 17. Bd3 Rf7 18. Qc2 Qe7 19. h4 e5 20. cxd5 cxd5 21. Nxg5 Rxf1+ 22. Bxf1 e4 23. Qc7 Bh6 24. Bd6 Qe8 25. Bb5 a6 26. Ba4 Bxg5 27. hxg5 Qe6 28. Rf1 Kg7 29. Bf8+ Kg6 30. Bxd7 Bxd7 31. Rf6+ Qxf6 32. gxf6 Rxf8 33. Qxd7 Rxf6 34. Qxd5 1-0

[Event "ROU-ch Men 2018"]
[Site "Olanesti"]
[Date "2018.05.20"]
[Round "7"]
[White "Neagu, Liviu"]
[Black "Toma, Mihail"]
[Result "1-0"]
[ECO "A00"]
[WhiteElo "2025"]
[BlackElo "1835"]
[Annotator "NA"]
[PlyCount "71"]
[EventDate "2018.??.??"]
[EventType "swiss"]
[EventCountry "ROU"]
[SourceTitle "playchess.com"]
[Source "ChessBase"]
[SourceQuality "1"]
[TimeControl "40/5400+30:1800+30"]

1. b4 e5 2. Bb2 f6 3. b5 d5 4. e3 Be6 5. Nf3 Bd6 6. d4 e4 7. Nfd2 Ne7 8. c4 c6 9. Nc3 Nd7 10. a4 O-O 11. Qb3 Rc8 12. c5 Bb8 13. Ncxe4 Kh8 14. Be2 Bg8 15. Ng3 f5 16. O-O f4 17. exf4 Bxf4 18. Nf3 Nf6 19. Bc1 Ne4 20. Bxf4 Rxf4 21. Qe3 Nxg3 22. hxg3 Re4 23. Qd2 Re6 24. Bd3 Rh6 25. Rfe1 Bf7 26. Qg5 Ng6 27. Bf5 Rb8 28. Qxd8+ Rxd8 29. Rab1 Be8 30. Rb3 Kg8 31. Ng5 Nf8 32. Re7 Bd7 33. Bxd7 Rxd7 34. Rxd7 Nxd7 35. bxc6 bxc6 36. Rb7 1-0

[Event "ROU-ch Men 2018"]
[Site "Olanesti"]
[Date "2018.05.20"]
[Round "7"]
[White "Coca, Cristi-Iulian"]
[Black "Pribeanu, Mihail-Dacian"]
[Result "0-1"]
[ECO "B12"]
[WhiteElo "2003"]
[BlackElo "2119"]
[Annotator "NA"]
[PlyCount "62"]
[EventDate "2018.??.??"]
[EventType "swiss"]
[EventCountry "ROU"]
[SourceTitle "playchess.com"]
[Source "ChessBase"]
[SourceQuality "1"]
[TimeControl "40/5400+30:1800+30"]

1. e4 c6 2. d4 g6 3. f4 Bg7 4. Nf3 d6 5. Nc3 b5 6. Bd3 Nd7 7. Be3 Ngf6 8. h3 Nb6 9. O-O b4 10. Ne2 a5 11. c4 d5 $16 12. cxd5 cxd5 13. e5 Ne4 14. Qc2 O-O 15. Ng5 Nxg5 16. fxg5 Nc4 17. Bxc4 dxc4 18. Rf2 Be6 19. Raf1 Bd5 20. Ng3 a4 21. a3 Qb6 22. Ne2 c3 23. bxc3 bxa3 24. Nc1 Bc4 25. Re1 Rfb8 26. Qe4 Qb1 27. Bf4 Qxe4 28. Rxe4 Rb2 29. Re1 Rxf2 30. Kxf2 a2 31. Ne2 Rb8 0-1

[Event "ROU-ch Men 2018"]
[Site "Olanesti"]
[Date "2018.05.20"]
[Round "7"]
[White "Craciun, Ovidiu"]
[Black "Chima, Radu-Niculin"]
[Result "1/2-1/2"]
[ECO "C11"]
[WhiteElo "1931"]
[BlackElo "2095"]
[Annotator "NA"]
[PlyCount "104"]
[EventDate "2018.??.??"]
[EventType "swiss"]
[EventCountry "ROU"]
[SourceTitle "playchess.com"]
[Source "ChessBase"]
[SourceQuality "1"]
[TimeControl "40/5400+30:1800+30"]

1. e4 e6 2. d4 d5 3. Nc3 Nf6 4. e5 Nfd7 5. f4 c5 6. Nf3 Nc6 7. Be3 Qb6 8. a3 cxd4 9. Nxd4 Nxd4 {[%emt 0:03:18] C11: French: Classical System: 4 e5 and 4 Bg5 dxe4} 10. Bxd4 Bc5 11. Nb5 O-O 12. b4 Bxd4 13. Qxd4 f6 (13... a5 14. Rb1 axb4 15. axb4 Qxd4 16. Nxd4 Nb8 17. Kd2 {0-1 (54) Svetushkin,D (2586)-Jianu,V (2563) Mamaia 2015}) 14. Qxb6 Nxb6 15. exf6 Rxf6 $146 ({Predecessor:} 15... a6 16. fxg7 Rxf4 17. Nd6 Rb8 18. Bd3 e5 19. O-O-O e4 20. Rhf1 Rxf1 21. Bxf1 Kxg7 22. c4 Be6 23. Re1 Nxc4 {½-½ (23) Luers,C (1892)-Launhardt,W (1954) LSS email 2009}) 16. g3 $1 Bd7 17. Nd4 e5 18. fxe5 Re8 19. O-O-O Rxe5 20. Bd3 Nc4 21. Rde1 Rxe1+ 22. Rxe1 Kf8 23. Bxc4 dxc4 24. Kd2 b5 25. Re5 a6 26. Re3 Bg4 27. Kc3 Rf2 28. h4 Kf7 29. Kb2 Rd2 30. Nf3 Bxf3 31. Rxf3+ Ke6 32. Re3+ Kd6 33. Re8 Rg2 34. Ra8 Rxg3 35. Rxa6+ Kc7 36. a4 bxa4 37. Rxa4 Kb6 38. Ra5 h6 39. h5 Rh3 40. Rc5 Rh4 41. Kc3 Rh2 42. Re5 Rg2 43. Kxc4 Rxc2+ 44. Kd5 Rb2 45. Ke6 Rxb4 46. Kf7 Rg4 47. Re6+ Kc7 48. Rg6 Rxg6 49. hxg6 h5 50. Kxg7 h4 $11 51. Kf6 h3 52. g7 h2 1/2-1/2

[Event "ROU-ch Men 2018"]
[Site "Olanesti"]
[Date "2018.05.20"]
[Round "7"]
[White "Rauca, Horatiu-Augustin"]
[Black "Pislariu, Stefanel-Vasilica"]
[Result "1-0"]
[ECO "B07"]
[WhiteElo "1897"]
[BlackElo "1863"]
[Annotator "NA"]
[PlyCount "77"]
[EventDate "2018.??.??"]
[EventType "swiss"]
[EventCountry "ROU"]
[SourceTitle "playchess.com"]
[Source "ChessBase"]
[SourceQuality "1"]
[TimeControl "40/5400+30:1800+30"]

1. e4 d6 2. d4 Nf6 3. Nc3 g6 4. Be3 Bg7 5. f3 O-O 6. Qd2 e5 7. Nge2 Nc6 8. O-O-O a6 9. Bh6 b5 10. h4 Qe7 11. h5 Nxh5 12. Nd5 Qd8 13. g4 Nf4 14. Bxg7 Kxg7 15. Nexf4 exf4 16. Qxf4 h5 17. gxh5 g5 18. h6+ Kg6 19. Qh2 Kh7 20. e5 f5 21. exf6 Bf5 22. Qh5 Rxf6 23. Nxf6+ Qxf6 24. Bd3 Nxd4 25. Kb1 Bxd3 26. Rxd3 Ne2 27. Qg4 Re8 28. a3 Nf4 29. Rdd1 Ng6 30. Rh5 Re5 31. Rg1 Qe6 32. Qxe6 Rxe6 33. Rgxg5 c5 34. Rf5 Re5 35. Rf7+ Kg8 36. Rg7+ Kh8 37. Rxe5 Nxe5 38. f4 Nf3 39. Rd7 1-0

[Event "ROU-ch Men 2018"]
[Site "Olanesti"]
[Date "2018.05.20"]
[Round "7"]
[White "Bobocea, Laurentiu-Vlad"]
[Black "Rusan, Paul-Cristian"]
[Result "0-1"]
[ECO "E73"]
[WhiteElo "1853"]
[BlackElo "2213"]
[Annotator "NA"]
[PlyCount "84"]
[EventDate "2018.??.??"]
[EventType "swiss"]
[EventCountry "ROU"]
[SourceTitle "playchess.com"]
[Source "ChessBase"]
[SourceQuality "1"]
[TimeControl "40/5400+30:1800+30"]

1. d4 Nf6 2. c4 g6 3. Nc3 Bg7 4. e4 d6 5. Be2 O-O 6. Bg5 Na6 7. Qd2 e5 8. d5 Nc5 9. f3 h6 10. Be3 a5 11. h4 Nh5 {[%emt 0:14:07] E73: Königsindisch (Awerbach-Angriff)} 12. Bxh6 Ng3 13. Rh2 f5 14. Bxg7 Kxg7 {[%emt 0:00:33] [#]} 15. Bd3 $146 ({Vorgänger:} 15. exf5 Bxf5 16. Kf2 Nh5 17. g3 Qf6 18. Nh3 e4 19. f4 {½-½ (67) Ivanov,S (2545)-Zakharevich,I (2430) Kazan 1995}) 15... f4 16. Nge2 Bd7 17. O-O-O Rh8 18. Nxg3 fxg3 19. Rhh1 Rxh4 20. Bc2 Qh8 21. Rxh4 Qxh4 22. Ne2 b5 23. cxb5 Bxb5 24. Nc3 Bd7 25. Kb1 g5 26. Qc1 Rh8 27. Bd3 Qf4 28. Ne2 Qxc1+ 29. Kxc1 Rh2 30. Nxg3 Rxg2 31. Nf1 Rf2 32. Bc2 Rxf3 33. Nd2 Rf4 34. Rg1 g4 35. Kd1 Bb5 36. Nb1 Nxe4 37. Bxe4 Rxe4 38. Nc3 Rd4+ 39. Kc2 Bd7 40. Rd1 Kf6 41. Rf1+ Bf5+ $19 42. Kc1 Kg5 0-1

[Event "ROU-ch Men 2018"]
[Site "Olanesti"]
[Date "2018.05.20"]
[Round "7"]
[White "Cenusa, Mihai"]
[Black "Albu, George"]
[Result "1/2-1/2"]
[ECO "B47"]
[WhiteElo "1819"]
[BlackElo "2038"]
[Annotator "NA"]
[PlyCount "186"]
[EventDate "2018.??.??"]
[EventType "swiss"]
[EventCountry "ROU"]
[SourceTitle "playchess.com"]
[Source "ChessBase"]
[SourceQuality "1"]
[TimeControl "40/5400+30:1800+30"]

1. e4 c5 2. Nf3 e6 3. Nc3 Nc6 4. d4 cxd4 5. Nxd4 Qc7 6. Nxc6 dxc6 7. g3 $146 {[%emt 0:01:34] B47: Sicilian: Taimanov: 5 Nc3 Qc7 6 f4, 6 g3 and 6 Be2} ({Predecessor:} 7. f4 e5 8. f5 Nf6 9. Qf3 Bc5 10. Bg5 b5 11. O-O-O Bb7 12. Kb1 a6 13. g4 Bd6 14. Be3 O-O-O {1-0 (32) Jakubiec,A (2547)-Stefansson,H (2573) Czechia 2010}) 7... e5 8. Bc4 Nf6 9. Be3 b5 10. Bd3 Bh3 11. f3 h5 12. Qe2 Be7 13. a4 b4 14. Nd1 Be6 15. b3 Nh7 16. f4 Bg4 17. Qf2 Bxd1 18. Rxd1 Nf6 19. h3 Bd6 20. f5 Nd7 21. O-O a5 22. Rd2 Qb8 23. Rfd1 Nf6 24. Qf3 Bc7 25. Kg2 Qb7 26. Bc4 Rd8 27. Bg5 Rxd2+ 28. Rxd2 Bb6 29. Rd6 Ke7 30. Rd3 Qa7 31. Qe2 Bc5 32. Kf3 Bd4 33. Kg2 Bc5 34. Kf1 Bd4 35. Bd2 Rd8 36. Bg5 Rh8 37. Kg2 Qb6 38. Kf3 Qa7 39. Rd1 Rd8 40. Rd3 Rh8 41. Be3 Bxe3 42. Qxe3 Qxe3+ 43. Kxe3 h4 44. g4 Nh7 45. Rd1 Ng5 46. Bf1 Rc8 47. Bg2 f6 48. Rc1 Kd6 49. c3 bxc3 50. Kd3 Rb8 51. Kxc3 Rb4 52. Rd1+ Kc7 53. Re1 Nf7 54. Re3 Nd6 55. Kc2 c5 56. Rc3 Kc6 57. Kd3 Rd4+ 58. Ke3 c4 59. Kf3 Kc5 60. Re3 Kb4 61. bxc4 Nxc4 62. Re1 Rd3+ 63. Kf2 Kxa4 64. Bf1 Rd2+ 65. Kf3 Na3 66. Rc1 Rd7 67. g5 fxg5 68. Kg4 Re7 69. Kxg5 Kb3 70. Rc6 Nc2 71. Bc4+ Kb4 72. Bg8 Nd4 73. Rc8 a4 74. Kxh4 Nb5 75. Rb8 Kc5 76. Kg5 Nd6 77. Bd5 Ne8 78. Rc8+ Nc7 79. f6 gxf6+ 80. Kxf6 Rh7 81. Kg6 $14 Rd7 82. h4 Kd4 83. Bf7 Kxe4 84. h5 Nd5 85. Rc4+ Kd3 86. Bxd5 Rxd5 87. Rxa4 e4 88. h6 Rd6+ 89. Kg5 Rd7 90. Ra1 Rb7 91. Rh1 e3 92. h7 Rxh7 93. Rxh7 e2 1/2-1/2

[Event "ROU-ch Men 2018"]
[Site "Olanesti"]
[Date "2018.05.21"]
[Round "8"]
[White "Dobre, Claudiu-Cristian"]
[Black "Manea, Alexandru"]
[Result "1/2-1/2"]
[ECO "A01"]
[WhiteElo "2393"]
[BlackElo "2402"]
[Annotator "RC"]
[PlyCount "89"]
[EventDate "2018.??.??"]
[EventType "swiss"]
[EventCountry "ROU"]
[SourceTitle "playchess.com"]
[Source "ChessBase"]
[SourceQuality "1"]
[TimeControl "40/5400+30:1800+30"]

1. b3 a5 2. Bb2 a4 3. a3 axb3 4. cxb3 Nf6 5. Nf3 g6 6. e4 Bg7 7. d3 O-O 8. Nbd2 c5 9. Be2 Nc6 10. O-O d6 11. d4 Nh5 12. Nc4 b5 13. Ne3 Ba6 14. g3 Na5 15. Qc2 c4 16. bxc4 Nxc4 17. Nxc4 bxc4 18. Bc3 d5 19. exd5 Nf6 20. Ne5 Nxd5 21. Bf3 Qd6 22. Rfb1 Rab8 23. Bb4 Nxb4 24. axb4 Bb5 25. Qc3 Rfd8 26. Rd1 Qb6 27. Ra3 Rbc8 28. Be2 e6 29. Qa1 f6 30. Ng4 h5 31. Ne3 f5 32. Nc2 h4 33. Bf3 h3 34. Ra7 Rc7 35. Rxc7 Qxc7 36. Qa5 Qd7 37. Ra1 Bxd4 38. Nxd4 Qxd4 39. Re1 Qd3 40. Qb6 Rd6 41. Qxb5 Qxf3 42. Qe8+ Kg7 43. Qe7+ Kg8 44. Qe8+ Kg7 45. Qe7+ 1/2-1/2

[Event "ROU-ch Men 2018"]
[Site "Olanesti"]
[Date "2018.05.21"]
[Round "8"]
[White "Chima, Radu-Niculin"]
[Black "Sava, Bogdan"]
[Result "1/2-1/2"]
[ECO "C50"]
[WhiteElo "2095"]
[BlackElo "2099"]
[Annotator "NA RC"]
[PlyCount "40"]
[EventDate "2018.??.??"]
[EventType "swiss"]
[EventCountry "ROU"]
[SourceTitle "playchess.com"]
[Source "ChessBase"]
[SourceQuality "1"]
[TimeControl "40/5400+30:1800+30"]

1. e4 e5 2. Nf3 Nc6 3. Bc4 Nf6 4. d3 Bc5 5. O-O O-O 6. Bb3 d6 7. c3 a6 8. h3 Ba7 9. Re1 Ne7 10. Nbd2 Ng6 11. Nf1 h6 12. Ng3 b5 13. a4 Bd7 14. d4 c5 15. axb5 axb5 16. dxe5 dxe5 17. Bd5 Nxd5 18. Qxd5 Qc7 19. Be3 Be6 20. Qd2 Rfd8 1/2-1/2

[Event "ROU-ch Men 2018"]
[Site "Olanesti"]
[Date "2018.05.21"]
[Round "8"]
[White "Albu, George"]
[Black "Berechet, Stefan-Mario"]
[Result "1-0"]
[ECO "D06"]
[WhiteElo "2038"]
[BlackElo "1879"]
[Annotator "NA"]
[PlyCount "119"]
[EventDate "2018.??.??"]
[EventType "swiss"]
[EventCountry "ROU"]
[SourceTitle "playchess.com"]
[Source "ChessBase"]
[SourceQuality "1"]
[TimeControl "40/5400+30:1800+30"]

1. d4 d5 2. c4 Bf5 3. Nc3 e6 4. cxd5 exd5 5. Qb3 Nc6 6. Qa4 Qd7 7. a3 Nf6 8. Bf4 $11 Bd6 9. Bxd6 Qxd6 10. Nf3 O-O 11. Rc1 a6 12. b4 Rfe8 13. e3 Na7 14. Qb3 b5 15. Be2 Nc8 16. Bxb5 axb5 17. Nxb5 Qa6 18. Nxc7 Qxa3 19. Qxa3 Rxa3 20. Nxe8 Nxe8 21. O-O Ned6 22. Rc5 Nb6 23. Rc6 Ndc4 24. Ne5 Rb3 25. Nxc4 Nxc4 26. e4 Bd7 27. Rc7 Nb6 28. Rb7 Rxb4 29. Rb8+ Bc8 30. Rc1 Kf8 31. Rcxc8+ Ke7 32. Rb7+ Kd6 33. e5+ Ke6 34. Rc6+ Kf5 35. Rcxb6 Rxd4 36. Rxf7+ Kxe5 37. g3 Rd1+ 38. Kg2 d4 39. Rxg7 d3 40. Rxh7 d2 41. Rd7 Ke4 42. Rbd6 Re1 43. Rxd2 Kf5 44. R2d5+ Ke6 45. R7d6+ Ke7 46. Rb6 Rc1 47. Rh5 Kf8 48. Rb7 Kg8 49. Ra5 Rc8 50. h4 Rf8 51. h5 Kh8 52. Raa7 Re8 53. g4 Rc8 54. Kg3 Rc3+ 55. f3 Rc8 56. g5 Rd8 57. Kg4 Re8 58. f4 Rd8 59. h6 Rd7 60. Rxd7 1-0

[Event "ROU-ch Men 2018"]
[Site "Olanesti"]
[Date "2018.05.21"]
[Round "8"]
[White "Iustin, Silviu"]
[Black "Raducanu, Andrei-Augustin"]
[Result "1-0"]
[ECO "B09"]
[WhiteElo "1962"]
[BlackElo "2063"]
[Annotator "NA"]
[PlyCount "120"]
[EventDate "2018.??.??"]
[EventType "swiss"]
[EventCountry "ROU"]
[SourceTitle "playchess.com"]
[Source "ChessBase"]
[SourceQuality "1"]
[TimeControl "40/5400+30:1800+30"]

1. e4 d6 2. d4 Nf6 3. Nc3 g6 4. f4 Bg7 5. Bd3 O-O 6. Nf3 Na6 7. O-O c5 8. d5 Bg4 9. h3 Bxf3 10. Qxf3 Nb4 11. a3 Nxd3 12. Qxd3 a6 13. a4 b6 {[%emt 0:00:58] B09: Pirc-Ufimzew-Verteidigung (Dreibauernangriff)} (13... Qc7 14. Be3 Rfe8 15. Rae1 Rad8 16. Bf2 Qa5 17. Ra1 Nd7 18. Ra3 Rc8 19. Qf3 Rb8 20. Rb1 Qc7 21. Nd1 {½-½ (65) Yu,R (2538)-Tkachiev,V (2659) Fujairah 2012}) 14. Bd2 Qc7 15. Rae1 $146 ({Vorgänger:} 15. Qc4 Qb7 16. e5 Nd7 17. exd6 exd6 18. f5 Rae8 19. Qh4 Bf6 20. Bg5 Bxg5 21. Qxg5 {½-½ (33) Turqueza,M (2181)-Garcia,J (2344) Tagaytay City 2011}) 15... c4 16. Qf3 Nd7 17. Kh1 Rfb8 18. Nd1 b5 19. axb5 axb5 20. Bc3 Bxc3 21. Nxc3 b4 22. Nd1 b3 23. c3 Ra2 24. h4 h5 25. g4 hxg4 26. Qxg4 Kg7 27. Re2 Rh8 28. Rh2 Nf6 29. Qf3 Rh5 30. Rg1 Kf8 31. Ne3 {[%emt 0:04:48] [#]} Qc8 $2 (31... Qa7 $1 $17 {hält den Druck.} 32. f5 Ra1 33. fxg6 Rxg1+ 34. Kxg1 Re5) 32. f5 gxf5 33. Nxf5 Rh7 34. Nxd6 Qc7 35. e5 Nxd5 36. Qxd5 exd6 37. exd6 Qa5 38. Rd1 Qxd5+ 39. Rxd5 Ra1+ 40. Kg2 Ke8 41. d7+ Kd8 42. Kf3 Ra7 43. Ke4 Rh6 44. Kd4 Rc7 45. h5 f5 46. Rxf5 Rcc6 47. Rd5 $18 Rhf6 48. Re2 Rf4+ 49. Re4 Rf8 50. Re8+ Rxe8 51. dxe8=Q+ Kxe8 52. Rc5 Rb6 53. Kxc4 Kd7 54. Rb5 Rf6 55. Kxb3 Kc6 56. Rg5 Kd7 57. Rg6 Rf4 58. h6 Rh4 59. Rg7+ Ke6 60. h7 Kd5 1-0

[Event "ROU-ch Men 2018"]
[Site "Olanesti"]
[Date "2018.05.21"]
[Round "8"]
[White "Farcadi, Hunor"]
[Black "Horvat, Dan-Sebastian"]
[Result "0-1"]
[ECO "C47"]
[WhiteElo "1959"]
[BlackElo "2152"]
[Annotator "NA RC"]
[PlyCount "94"]
[EventDate "2018.??.??"]
[EventType "swiss"]
[EventCountry "ROU"]
[SourceTitle "playchess.com"]
[Source "ChessBase"]
[SourceQuality "1"]
[TimeControl "40/5400+30:1800+30"]

1. e4 e5 2. Nf3 Nc6 3. Nc3 Nf6 4. a3 Be7 5. d4 d6 {[%emt 0:01:04] C47: Schottisches Vierspringerspiel} (5... exd4 6. Nxd4 d6 7. Bc4 O-O 8. O-O Nxd4 9. Qxd4 Nd7 10. Nd5 Bf6 11. Nxf6+ Qxf6 12. Be3 Re8 13. Rae1 Ne5 14. Be2 Qg6 15. Bf4 Qf6 16. Be3 Qg6 17. Bf4 Qf6 {½-½ (17) Safarli,E (2639)-Kravtsiv,M (2672) Riadh 2017}) 6. Bc4 O-O 7. h3 Nxe4 8. Nxe4 d5 9. Bxd5 Qxd5 10. Nc3 Qd6 $146 ({Vorgänger:} 10... Qc4 11. d5 e4 12. Nd2 Qa6 13. dxc6 {1-0 (44) Starostits,I (2511)-Martinkus,R (2257) Lithuania 2007}) 11. d5 Nd4 12. Nxd4 exd4 13. Qxd4 Qg6 14. Bf4 Bf6 15. Qd2 Re8+ 16. Be3 Qxg2 17. O-O-O Qf3 18. Bd4 Bxd4 19. Qxd4 Bf5 20. Rhg1 Bg6 21. h4 Qf5 22. Qd2 f6 23. Rde1 a6 24. Nd1 Rxe1 25. Rxe1 Rd8 26. Ne3 Qf4 27. Rf1 Qxh4 28. Qc3 Qf4 29. Qb3 b5 30. d6+ Bf7 31. dxc7 Qxc7 32. Qb4 h5 33. Qe4 Re8 34. Qf3 Bg6 35. Qg2 Be4 36. Qh3 Qc5 37. Rg1 Kf8 38. Rd1 Bg6 39. Rd2 Qg5 40. Qd7 Qe5 41. Qb7 Be4 $19 42. Qxa6 h4 43. Qd6+ Qxd6 44. Rxd6 h3 45. Ng4 Bf3 46. Nh2 Re1+ 47. Kd2 Rd1+ 0-1

[Event "ROU-ch Men 2018"]
[Site "Olanesti"]
[Date "2018.05.21"]
[Round "8"]
[White "Stan, Andrei-Mihaita"]
[Black "Rauca, Horatiu-Augustin"]
[Result "1/2-1/2"]
[ECO "A52"]
[WhiteElo "1860"]
[BlackElo "1897"]
[Annotator "NA"]
[PlyCount "27"]
[EventDate "2018.??.??"]
[EventType "swiss"]
[EventCountry "ROU"]
[SourceTitle "playchess.com"]
[Source "ChessBase"]
[SourceQuality "1"]
[TimeControl "40/5400+30:1800+30"]

1. d4 Nf6 2. c4 e5 3. dxe5 Ng4 4. e4 Nxe5 5. f4 Nec6 6. Be3 Bb4+ 7. Nd2 Qe7 8. Bd3 Na6 9. Qe2 Nc5 10. Bxc5 Bxc5 11. Ngf3 d6 12. O-O-O Bg4 13. Nb3 O-O-O 14. Bc2 1/2-1/2

[Event "ROU-ch Men 2018"]
[Site "Olanesti"]
[Date "2018.05.21"]
[Round "8"]
[White "Cenusa, Mihai"]
[Black "Tufa, Mihai"]
[Result "0-1"]
[ECO "A20"]
[WhiteElo "1819"]
[BlackElo "1915"]
[Annotator "NA RC"]
[PlyCount "196"]
[EventDate "2018.??.??"]
[EventType "swiss"]
[EventCountry "ROU"]
[SourceTitle "playchess.com"]
[Source "ChessBase"]
[SourceQuality "1"]
[TimeControl "40/5400+30:1800+30"]

1. c4 e5 2. g3 Nf6 3. Bg2 Nc6 4. Nc3 a6 5. Nf3 Bc5 6. O-O d6 7. e3 O-O 8. d4 {[%emt 0:00:41] A29: English Opening: Four Knights Variation with 4 g3} (8. h3 Ba7 9. d4 h6 10. dxe5 dxe5 11. Qxd8 Rxd8 12. b3 Be6 13. Ba3 Rd7 14. Rfd1 Rad8 15. Rxd7 Rxd7 {½-½ (41) Howell,D (2676)-Ponomariov,R (2694) Riadh 2017}) 8... Ba7 9. d5 Ne7 10. e4 h6 11. Be3 $146 ({Predecessor:} 11. Qe2 b5 12. cxb5 axb5 13. b4 c5 14. dxc6 Nxc6 15. a3 Nd4 16. Nxd4 Bxd4 {1-0 (38) Czerwonski,A (2350)-Strzelecki,K (2415) Bielsko Biala 1990}) 11... Bxe3 12. fxe3 Ng6 13. h3 Bd7 14. Kh2 c5 15. Nd2 b5 16. b3 Qa5 17. Ne2 b4 18. Ng1 Qa3 19. Qe2 Qa5 20. Rf2 Qd8 21. Raf1 a5 22. Rf3 a4 23. Qf2 axb3 24. axb3 Ra2 25. Qe1 Qe7 26. R3f2 Rfa8 27. Nb1 Qd8 28. Ne2 Rb2 29. Nd2 Raa2 30. Nc1 Ra1 31. Qe2 Rc2 32. Nd3 Rxf1 33. Qxf1 Ra2 34. Qb1 Qa5 35. Nf1 Rxf2 36. Nxf2 Qa3 37. Bf3 Ne7 38. Nd2 h5 39. Qd1 Qb2 40. Kg1 Qc3 41. Qe1 g5 42. Nd1 Qc2 43. Bg2 Kg7 44. Kf2 Kh6 45. Ke2 $2 (45. Kg1 $15) 45... Nfg8 46. Nf2 Qa2 47. g4 h4 48. Nd3 Ng6 49. Qf1 f6 50. Qb1 Qa3 51. Qb2 Qa6 52. Nc1 Nh8 53. Nf3 Ne7 54. Kf1 Nf7 55. Qa2 Qxa2 56. Nxa2 Nd8 57. Ne1 Nb7 58. Bf3 Na5 59. Bd1 Nc8 60. Nd3 Nb6 61. Kf2 Kg7 62. Nb2 Kf7 63. Nc1 Ke7 64. Ke1 Kd8 65. Kd2 Kc7 66. Kd3 Kd8 67. Be2 Bc8 68. Nd1 Kc7 69. Kc2 Bd7 70. Nd3 Bc8 71. Ne1 Ba6 72. Ng2 Nbxc4 73. Bxc4 Nxc4 74. bxc4 Bxc4 75. Nf2 Bf1 76. Ne1 c4 77. Kd2 $2 (77. Nf3 $17 {was the only chance.}) 77... Kb6 78. Nc2 Kb5 79. Ke1 b3 80. Na3+ Kb4 81. Nb1 {[%emt 0:00:17] [#]} c3 $2 (81... Bxh3 $1 $19 {[%mdl 512] is more deadly.} 82. Nxh3 c3) 82. Kxf1 {[%emt 0:00:38] [#]} c2 ({Günstiger ist} 82... b2 $1 $17 83. Nd3+ Kb3) 83. Nd3+ Kc4 84. Nd2+ $2 Kxd3 85. Nxb3 Kc3 86. Nc1 Kd2 87. Nb3+ Kd1 88. Kg2 c1=Q 89. Nxc1 Kxc1 90. Kg1 Kc2 91. Kg2 Kc3 92. Kf1 Kd3 93. Kf2 Kxe4 94. Ke2 Kxd5 95. Kd3 e4+ 96. Kd2 Kc4 97. Kc2 d5 98. Kd2 Kb3 0-1

[Event "ROU-ch Men 2018"]
[Site "Olanesti"]
[Date "2018.05.21"]
[Round "8"]
[White "Cotruta, Alexandru-Mihai"]
[Black "Pisu, Robert-Daniel"]
[Result "0-1"]
[ECO "E70"]
[WhiteElo "1776"]
[BlackElo "2254"]
[Annotator "NA"]
[PlyCount "66"]
[EventDate "2018.??.??"]
[EventType "swiss"]
[EventCountry "ROU"]
[SourceTitle "playchess.com"]
[Source "ChessBase"]
[SourceQuality "1"]
[TimeControl "40/5400+30:1800+30"]

1. d4 Nf6 2. c4 g6 3. Nc3 Bg7 4. e4 d6 5. Bg5 h6 6. Be3 Ng4 {[%emt 0:07:52] E70: King's Indian: Miscellaneous lines with 4 e4, including 5 Nge2 and 5 Bd3 0-0 6 Nge2} (6... c5 7. d5 Ng4 8. Bd2 Bd4 9. Nh3 e5 10. dxe6 Bxe6 11. Be2 Qd7 12. O-O Ne5 13. Nf4 Bxc4 14. Nfd5 Bxd5 15. Nxd5 {0-1 (27) Tregubov,P (2585)-Banikas,H (2568) Doha 2016}) 7. Bf4 Nc6 8. d5 Nce5 9. h3 $146 ({Predecessor:} 9. Qd2 g5 10. h3 gxf4 11. hxg4 Nxg4 12. Qxf4 c6 13. Be2 Qb6 14. Nd1 Bxb2 {0-1 (45) Ivanov,I (2351)-Zakharevich,I (2463) Belgorod 2007}) 9... Nf6 10. Nf3 Nxf3+ 11. Qxf3 e5 12. Be3 O-O 13. Bd3 a6 14. c5 Nh5 15. cxd6 cxd6 16. g4 (16. Rc1 $14) 16... Nf4 17. Bxf4 exf4 ({Black should play} 17... Qf6 $15) 18. Qxf4 Qb6 19. Qd2 Bd7 20. Ke2 f5 21. gxf5 gxf5 22. Rhg1 (22. Rag1 $11) 22... f4 23. f3 (23. e5 $11 {keeps the balance.} dxe5 24. Be4) 23... Kh8 24. Rg6 Be8 25. Rg4 (25. Rg2 $11 {keeps the balance.}) 25... Be5 26. a4 Bh5 27. a5 Qd8 28. Rg2 (28. Na4 $1 $15) 28... Qh4 29. Qe1 Bxf3+ 30. Kxf3 Qxh3+ 31. Ke2 $19 Qxg2+ 32. Qf2 f3+ 33. Ke1 Bg3 0-1